 Dungeon Crawl Stone Soup version 0.29.0-15-g675c0067aa (webtiles) character file.

Game seed: 15406916342961310770

7 mortz the Sneak (level 2, 0/15 HPs)
             Began as a Kobold Enchanter on Sept 11, 2022.
             Slain by a hobgoblin (2 damage)
             ... on level 1 of the Dungeon.
             The game lasted 00:01:59 (297 turns).

mortz the Sneak (Kobold Enchanter)                   Turns: 297, Time: 00:01:59

Health: 0/15       AC:  2    Str:  5    XL:     2   Next: 10%
Magic:  5/5        EV: 15    Int: 16    God:
Gold:   11         SH:  0    Dex: 15    Spells: 3/5 levels left

rFire   . . .      SeeInvis .   a - +1 dagger
rCold   . . .      Faith    .   (no shield)
rNeg    . . .      Spirit   .   b - +0 robe
rPois   .          Reflect  .   (no helmet)
rElec   .          Harm     .   (no cloak)
rCorr   .          Rampage  .   (no gloves)
Will    .....                   (no boots)
Stlth   ++++......              (no amulet)
HPRegen 0.05/turn               (no ring)
MPRegen 0.09/turn               (no ring)

@: invisible
A: small, no large weapons, nightstalker 3
a: no special abilities


You were on level 1 of the Dungeon.
You visited 1 branch of the dungeon, and saw 1 of its levels.

You collected 11 gold pieces.

Inventory:

Hand Weapons
 a - a +1 dagger (weapon)
 i - a +0 short sword
Missiles
 d - 5 curare-tipped darts (quivered)
Armour
 b - a +0 robe (worn)
Magical Staves
 e - a staff of poison
Scrolls
 f - a scroll of vulnerability {unknown}
 g - a scroll of noise {unknown}
 h - 2 scrolls of identify {unknown}
Potions
 c - a potion of invisibility


   Skills:
 + Level 1.3 Short Blades
 + Level 2.4 Dodging
 + Level 4.3 Stealth
 + Level 2.3 Spellcasting
 + Level 3.2 Hexes


You had 3 spell levels left.
You knew the following spells:

 Your Spells              Type           Power      Damage    Failure   Level
a - Ensorcelled Hibernat  Hex/Ice        14%        N/A       16%         2

Your spell library contained the following spells:

 Spells                   Type           Power      Damage    Failure   Level
 Confusing Touch          Hex            12%        N/A       16%         3
 Tukima's Dance           Hex            12%        N/A       16%         3
 Dazzling Flash           Conj/Hex       14%        N/A       30%         3


Dungeon Overview and Level Annotations

Branches:
Dungeon (1/15) Zot: 5702

Altars:


Innate Abilities, Weirdness & Mutations

You are small and have problems with some larger weapons.
You are completely attuned to the shadows.


Message History

The hobgoblin attacks as you move away! The hobgoblin completely misses you.
You closely miss the goblin.
The goblin is severely wounded.
The goblin misses you.
You hit the goblin.
You kill the goblin!
You have reached level 2!
You hit the hobgoblin.
The hobgoblin is heavily wounded.
The hobgoblin closely misses you.
You hit the hobgoblin.
You kill the hobgoblin!
Memorise Ensorcelled Hibernation, consuming 2 spell levels and leaving 3?
You start memorising the spell.
You continue memorising. x2
You finish memorising.
Spell assigned to 'a'.
HP restored.
You see here a +0 club.
Found a short sword.
You see here a +0 short sword.
i - a +0 short sword A rat comes into view.
A hobgoblin comes into view.
The hobgoblin shouts!
You hit the hobgoblin.
The hobgoblin is moderately wounded.
The hobgoblin barely misses you.
You hit the hobgoblin but do no damage.
The hobgoblin is moderately wounded.
The hobgoblin hits you. The rat barely misses you.
Found a stone staircase leading down.
The hobgoblin attacks as you move away! The hobgoblin hits you.
The rat attacks as you move away! The rat bites you but does no damage.
The rat attacks as you move away! The rat bites you. The hobgoblin hits you.
The hobgoblin attacks as you move away! The hobgoblin hits you.
* * * LOW HITPOINT WARNING * * *
The rat attacks as you move away! The rat bites you but does no damage.
The hobgoblin barely misses you.
You fade into invisibility!
The hobgoblin hits you.
You die...

...~.......~..#
..............#
......>~......#
#......≈~~.....#
#.......~<.....#
#..............# #.
##...≈.......~..#
#.###...~~~.....~~~.#
#.#.@.#..~.......~..#
#.#g###.............#
#..r# ##..########.##
#..## #...........#
#...# #.########.##
.##..####+#### #....#
#.....#.......#
#....#
#.###.........#
#....## #
####.......# #.....)


You could see a hobgoblin (unable to see you) and a rat (unable to see you).

Vanquished Creatures
  A goblin (D:1)
  A hobgoblin (D:1)
  3 jackals (D:1)
  A frilled lizard (D:1)
6 creatures vanquished.

Notes
Turn   | Place    | Note
-------+----------+-------------------------------------------
     0 | D:1      | mortz the Kobold Enchanter began the quest for the Orb.
     0 | D:1      | Reached XP level 1. HP: 10/10 MP: 3/3
   136 | D:1      | Reached XP level 2. HP: 10/15 MP: 5/5
   141 | D:1      | Learned a level 2 spell: Ensorcelled Hibernation
   297 | D:1      | Slain by a hobgoblin

Illustrated notes

Levels and vault maps discovered:
D:1:      minmay_arrival_five_plusses, layout_basic, serial_shops,
          nicolae_shop_temple_entry_statues_fountains, minmay_fountain_box

Action                   || total
-------------------------++-------
Melee: Dagger            ||    13
Throw: Dart              ||     1
  Use: Potion            ||     1
 Stab: Sleeping          ||     3
Armor: Robe              ||     2
Dodge: Dodged            ||    10
